 Dungeon Crawl Stone Soup version 0.31.0-11-ge490571c62 (webtiles) character file.

Game seed: 4253093266600986541

88 Flugkiller the Chiller (level 4, 0/21 HPs)
             Began as a Vine Stalker Ice Elementalist on Feb 3, 2024.
             Succumbed to a scorpion's poison
             ... on level 4 of the Dungeon.
             The game lasted 00:01:09 (425 turns).

Flugkiller the Chiller (VSIE)                        Turns: 425, Time: 00:01:10

Health: 0/21       AC:  2    Str: 11    XL:     4   Next: 53%
Magic:  2/10       EV: 12    Int: 17    God:
Gold:   45         SH:  0    Dex: 14    Spells: 3/10 levels left

rFire   . . .        (no weapon)
rCold   . . .        (no shield)
rNeg    . . .        a - +0 robe
rPois   .            (no helmet)
rElec   .            (no cloak)
rCorr   .            (no gloves)
SInv    .            (no boots)
Will    .....        (no amulet)
Stlth   ++           (no ring)
HPRegen 1.03/turn    (no ring)
MPRegen 0.12/turn

%: guardian spirit
@: lethally poisoned (0 -> -2)
A: fangs 2, regeneration 1, magic shield, antimagic bite, no potion heal 2
a: no special abilities


You were on level 4 of the Dungeon.
You visited 1 branch of the dungeon, and saw 3 of its levels.

You collected 45 gold pieces.

Inventory:

Armour
 a - a +0 robe (worn)
Jewellery
 c - a ring of fire
   (You found it on level 1 of the Dungeon)
Potions
 b - a potion of magic


   Skills:
 - Level 1.5 Dodging
 - Level 2.4 Stealth
 + Level 3.6 Spellcasting
 + Level 5.0 Ice Magic


You had 3 spell levels left.
You knew the following spells:

 Your Spells              Type           Power      Damage    Failure   Level
a - Freeze                Ice            80%        1d9       1%          1
b - Frozen Ramparts       Ice            40%        1d7       6%          3
c - Ozocubu's Armour      Ice            20%        N/A       6%          3

Your spell library contained the following spells:

 Spells                   Type           Power      Damage    Failure   Level
 Summon Ice Beast         Ice/Summ       11%        N/A       17%         3


Dungeon Overview and Level Annotations

Branches:
Dungeon (2/15) Zot: 17575

Altars:

Annotations:
D:4 Dowan, Duvessa


Innate Abilities, Weirdness & Mutations

You have extremely sharp teeth.
Your natural rate of healing is unusually fast.
When hurt, damage is shared between your health and your magic reserves.
Your bite disrupts and absorbs the magic of your enemies.
Potions cannot restore your health.


Message History

An endoplasm comes into view.
Duvessa shouts!
There is an open door here.
You close the door.
Okay, then.
This spell is extremely dangerous to cast!
You start memorising the spell.
You continue memorising. x3
You finish memorising.
Spell assigned to 'b'.
This spell is extremely dangerous to cast!
You start memorising the spell.
You continue memorising. x3
You finish memorising.
Spell assigned to 'c'.
Okay, then.
As you read the scroll labelled ZINEARH VIEZA, it crumbles to dust.
The air around you briefly surges with heat, but it dissipates.
It was a scroll of immolation.
Unknown command.
You open the door.
Dowan shouts!
The scorpion closely misses you.
You hit the scorpion. Your bite misses the scorpion.
The scorpion is lightly wounded.
The scorpion misses you.
Unknown command.
Casting: Freeze (safe; 2% risk of failure)
Confirm with . or Enter, or press ? or * to list all spells.
The walls around you are covered in ice.
The wall freezes Dowan.
The wall freezes the scorpion but does no damage.
The scorpion stings you!
The wall freezes Duvessa but does no damage.
Unknown command.
Casting: Frozen Ramparts (extremely dangerous; 9% risk of failure)
Confirm with . or Enter, or press ? or * to list all spells.
Aiming: Freeze (safe; 2% risk of failure)
Press: ? - help, Shift-Dir - straight line, f - scorpion
Aim: a scorpion (lightly wounded)
You freeze the scorpion.
The scorpion is moderately wounded.
The wall freezes Dowan.
The wall freezes the scorpion but does no damage.
The scorpion closely misses you.
The wall freezes Duvessa but does no damage.
Unknown command.
You hit the scorpion but do no damage.
The scorpion is moderately wounded.
The wall freezes Dowan!
Dowan says, "Where the sword fails, magic succeeds!"
The wall freezes the scorpion.
The scorpion closely misses you.
The wall freezes Duvessa but does no damage.
Unknown command.
You closely miss the scorpion. You bite the scorpion. You drain its power.
You feel invigorated.
The scorpion is heavily wounded.
The wall freezes the scorpion.
The scorpion barely misses you.
The wall freezes Dowan.
The wall freezes the scorpion but does no damage.
The scorpion stings you.
You are poisoned.
The scorpion poisons you!
The wall freezes Duvessa but does no damage.
Unknown command.
Casting: Freeze (safe; 2% risk of failure)
Confirm with . or Enter, or press ? or * to list all spells.
Aiming: Freeze (safe; 2% risk of failure)
Press: ? - help, Shift-Dir - straight line, f/p - scorpion
Aim: a scorpion (severely wounded)
You freeze the scorpion!
You kill the scorpion!
You feel very sick.
The wall freezes Dowan but does no damage.
The wall freezes Duvessa.
Your Ice Magic skill increases to level 5!
You have reached level 4!
You feel stronger.
Casting: Freeze (safe; 1% risk of failure)
Confirm with . or Enter, or press ? or * to list all spells.
Aiming: Freeze (safe; 1% risk of failure)
Press: ? - help, Shift-Dir - straight line, f - Duvessa
Aim: Duvessa, wielding a +0 rapier and wearing a +0 leather armour (lightly wounded)
You freeze Duvessa!
Duvessa is moderately wounded.
You feel sick.
The wall freezes Dowan.
The wall freezes Duvessa.
Duvessa hits you with a +0 rapier!
* * * LOW HITPOINT WARNING * * *
Casting: Freeze (safe; 1% risk of failure)
Confirm with . or Enter, or press ? or * to list all spells.
You don't have enough magic to cast this spell.
Unknown command.
You hit Duvessa but do no damage. You bite Duvessa. You drain her power.
You feel invigorated.
Duvessa is heavily wounded.
The frozen ramparts melt away.
* * * LOW HITPOINT WARNING * * *
You feel sick. Duvessa hits you with a +0 rapier!
* * * LOW HITPOINT WARNING * * *
Unknown command.
You hit Duvessa but do no damage. You bite Duvessa. You drain her power.
You feel invigorated.
Duvessa is severely wounded.
You die...

#.....s
B......######.#
..............#
#.# ####### #.#
#.....# #.#
#.....###.#
#.....eeJ.#
#..(.@#####
#.....# #.....#
#####.##
#.....# #.#####
####'## #.....#
#.....#


You could see Duvessa, Dowan and an endoplasm.

Vanquished Creatures
  A scorpion (D:4)
  A bat (D:1)
  3 endoplasms
  5 giant cockroaches
  A goblin (D:2)
  A hobgoblin (D:1)
  2 jackals (D:2)
  4 ball pythons
  3 frilled lizards (D:1)
  2 kobolds (D:1)
  2 rats (D:1)
25 creatures vanquished.

Notes
Turn   | Place    | Note
-------+----------+-------------------------------------------
     0 | D:1      | Flugkiller the Vine Stalker Ice Elementalist began the
                  | quest for the Orb.
     0 | D:1      | Reached XP level 1. HP: 9/9 MP: 4/4
   171 | D:1      | Reached XP level 2. HP: 13/13 MP: 0/6
   301 | D:2      | Reached XP level 3. HP: 16/16 MP: 6/8
   306 | D:2      | You fall into a shaft and drop 2 floors!
   391 | D:4      | Noticed Duvessa
   391 | D:4      | Noticed Dowan
   392 | D:4      | Noticed a scorpion
   408 | D:4      | Learned a level 3 spell: Frozen Ramparts
   412 | D:4      | Learned a level 3 spell: Ozocubu's Armour
   422 | D:4      | Killed a scorpion
   423 | D:4      | Reached skill level 5 in Ice Magic
   423 | D:4      | Reached XP level 4. HP: 11/21 MP: 1/10
   424 | D:4      | HP: 1/21 [Duvessa/+0 rapier (1)]
   425 | D:4      | Succumbed to a scorpion's poison

Illustrated notes

Levels and vault maps discovered:
D:1:      minmay_arrival_split_and_join, layout_rooms, minmay_box_of_dots
D:2:      layout_basic, dk_noncrumbling_3
D:4:      layout_basic, minmay_temple_entry_large_hall, chequers_jeans,
          minivault_5, uniq_duvessa

Skill      XL: |  1  2  3 |
---------------+----------+-----
Spellcasting   | 3 |  3.6
Ice Magic      | 5 |  5.0
Dodging        | |  1.5
Stealth        | |  2.4

Action                     |  1- 3 |  4- 6 || total
---------------------------+-------+-------++-------
  Melee: Unarmed           |    68 |     2 ||    70
         Bite              |    20 |     2 ||    22
         Punch             |     1 |       ||     1
   Cast: Freeze            |    16 |     1 ||    17
         Frozen Ramparts   |     1 |       ||     1
    Use: Scroll            |     1 |       ||     1
 Armour: Robe              |    49 |     2 ||    51
  Dodge: Dodged            |    54 |       ||    54
